 Dungeon Crawl Stone Soup version 0.31-a0-221-gbddc013574 (webtiles) character file.

Game seed: 6799260765280657651

142509 IndexError the Fighter (level 17, -7/136 HPs)
             Began as a Djinni Conjurer on June 19, 2023.
             Was an Elder of Ashenzari.
             Killed by an exploding ball lightning (28 damage)
             ... on level 4 of the Swamp on July 4, 2023.
             The game lasted 01:48:40 (28543 turns).

IndexError the Fighter (Djinni Conjurer)           Turns: 28543, Time: 01:48:41

Health: -7/136     AC: 11    Str:  9    XL:     17   Next: 97%
Gold:   3134       EV: 15    Int: 31    God:    Ashenzari [****..] SH: 18 Dex: 13

rFire   + + .        W - staff "Hatz" {rC+ Stlth+ Ice}
rCold   . . .        s - +1 kite shield of the Cursed Comet {Int+4, Bglg, Elem} (curse)
rNeg    + + .        h - +0 troll leather armour of the Ensconced Sage {Regen+, Pargi, Evo, Elem} (curse)
rPois   ∞            i - +0 helmet "Cosmic Negligence" {Self, Fort} (curse)
rElec   .            (no cloak)
rCorr   .            E - +2 pair of gloves "Distant Doubts" {Cun, Elem} (curse)
SInv    +            (boots unavailable)
Will    ++...        y - amulet of the Gnostic Vision {Reflect SH+5, Self, Range} (curse)
Stlth   ++++         a - ring of Hatie {rN++ Will+ Str+3 Slay+3}
HPRegen 1.22/turn    x - ring of the Mage {Wiz Archmagi, Fort, Self} (curse)
MPRegen 0.00/turn

%: reflection, clarity, wizardry (x1), archmagi, infuse magic (-8 HP)
@: flying
A: sickness immunity, fire resistance 2, cold vulnerability 1, float, innate
caster, HP casting, extra vitality 1
a: Renounce Religion, Curse Item, Shatter the Chains


You were on level 4 of the Swamp.
You worshipped Ashenzari.
Ashenzari was greatly pleased with you.
You visited 5 branches of the dungeon, and saw 27 of its levels.
You also visited: Bailey and Gauntlet.

You collected 3358 gold pieces.
You spent 224 gold pieces at shops.

Inventory:

Missiles
 r - 11 javelins
 z - 3 curare-tipped darts
 G - 8 throwing nets {=f, !d}
 H - 2 atropa-tipped darts
 Y - 5 silver javelins
Armour
 h - the cursed +0 troll leather armour of the Ensconced Sage (worn) {Regen+, Pargi, Evo, Elem}
   (You found it on level 3 of the Dungeon)

   Regen:     It increases your rate of health regeneration.
   It has a curse which improves the following skills: Evocations: Evocations.
   Elements:  Fire Magic, Ice Magic, Air Magic and Earth Magic.
 i - the cursed +0 helmet "Cosmic Negligence" (worn) {Self, Fort}
   (You took it off Robin on level 3 of the Dungeon)

   It has a curse which improves the following skills: Introspection: Fighting
   and Spellcasting.
   Fortitude: Armour and Shields.
 j - a +1 helmet
   (You found it on level 3 of the Swamp)
 s - the cursed +1 kite shield of the Cursed Comet (worn) {Int+4, Bglg, Elem}
   (You found it on level 12 of the Dungeon)

   Int:       It affects your intelligence (+4).
   It has a curse which improves the following skills: Beguiling: Conjurations,
   Hexes and Translocations.
   Elements:  Fire Magic, Ice Magic, Air Magic and Earth Magic.
 E - the cursed +2 pair of gloves "Distant Doubts" (worn) {Cun, Elem}
   (You found it on level 9 of the Dungeon)

   It has a curse which improves the following skills: Cunning: Dodging and
   Stealth.
   Elements:  Fire Magic, Ice Magic, Air Magic and Earth Magic.
Magical Staves
 W - the staff "Hatz" (weapon) {rC+ Stlth+ Ice}
   (You found it in a Gauntlet)

   [staff of cold]

   Base accuracy: +5 Base damage: 5 Base attack delay: 1.2 This weapon's minimum
   attack delay (0.6) is reached at skill level 12.
   rC:        It protects you from cold.
   Ice:       It increases the power of your Ice spells.
   Stlth:     It makes you more stealthy.
   It falls into the 'Staves' category.
   It is a one-handed weapon.
Jewellery
 a - the ring of Hatie (left hand) {rN++ Will+ Str+3 Slay+3}
   (You took it off a minotaur in a Gauntlet)

   [ring of willpower]

   Str:       It affects your strength (+3).
   Slay:      It affects your accuracy & damage with ranged weapons and melee
   (+3).
   rN:        It greatly protects you from negative energy.
   Will:      It increases your willpower.
 x - the cursed ring of the Mage (right hand) {Wiz Archmagi, Fort, Self}
   (You found it on level 5 of the Lair of Beasts)

   [ring of wizardry]

   It improves your spell success rate.
   Archmagi:  It increases the power of your magical spells.
   It has a curse which improves the following skills: Fortitude: Armour and
   Shields.
   Introspection: Fighting and Spellcasting.
 y - the cursed amulet of the Gnostic Vision (around neck) {Reflect SH+5, Self, Range}
   (You found it on level 6 of the Dungeon)

   [amulet of reflection]

   It reflects blocked missile attacks.
   SH:        It affects your SH (+5).
   It has a curse which improves the following skills: Introspection: Fighting
   and Spellcasting.
   Ranged Combat: Ranged Weapons and Throwing.
 F - an amulet of regeneration {+regen, !d}
   (You found it on level 15 of the Dungeon)
 S - a ring of ice {rC+, rF-}
   (You found it on level 4 of the Lair of Beasts)
Wands
 d - a wand of polymorph (4)
   (You found it on level 3 of the Swamp)
 w - a wand of mindburst (12)
   (You found it on level 5 of the Dungeon)
 C - a wand of flame (37)
   (You found it on level 7 of the Dungeon)
 M - a wand of paralysis (36)
   (You found it on level 10 of the Dungeon)
 R - a wand of iceblast (2)
   (You found it on level 3 of the Lair of Beasts)
 Z - a wand of digging (10)
   (You found it on level 1 of the Swamp)
Scrolls
 f - 6 scrolls of fog
 l - 2 scrolls of vulnerability {!r!r}
 m - 3 scrolls of revelation
 o - a scroll of butterflies
 p - 4 scrolls of enchant weapon
 u - a scroll of blinking {!r}
 A - 2 scrolls of teleportation
 I - 2 scrolls of fear
 L - a scroll of acquirement
 N - 5 scrolls of brand weapon
 P - 3 scrolls of poison
 T - a scroll of silence
Potions
 b - 9 potions of curing
 c - 3 potions of lignification {!q}
 g - 3 potions of attraction {!q}
 k - 2 potions of haste
 q - 8 potions of mutation {!q}
 t - 2 potions of might
 v - a potion of invisibility
 D - 7 potions of enlightenment
 J - a potion of heal wounds
 K - 2 potions of ambrosia
 U - a potion of resistance
 V - 3 potions of brilliance
Miscellaneous
 e - a condenser vane
   (You found it in a Gauntlet)
 n - a sack of spiders
   (You found it on level 11 of the Dungeon)
 B - a phantom mirror
   (You found it on level 2 of the Lair of Beasts)
 O - a phial of floods
   (You found it on level 10 of the Dungeon)
 Q - a lightning rod (4/4)
   (You found it on level 3 of the Lair of Beasts)


   Skills:
 - Level 13.7(17.2) Fighting
 - Level 12.0 Staves
 - Level 10.0(12.7) Armour
 - Level 10.1(12.0) Dodging
 + Level 4.3(6.1) Stealth
 - Level 9.2(12.0) Shields
 + Level 13.0(16.5) Spellcasting
 + Level 13.0(14.7) Conjurations
 + Level 13.0(14.7) Hexes
 + Level 13.0 Summonings
 + Level 13.0 Necromancy
 + Level 13.0(14.7) Translocations
 + Level 13.0 Transmutations
 + Level 13.0(16.5) Fire Magic
 + Level 13.0(16.5) Ice Magic
 + Level 13.0(16.5) Air Magic
 + Level 13.0(16.5) Earth Magic
 + Level 13.0 Poison Magic
 - Level 9.2(11.0) Evocations


You knew the following spells:

 Your Spells              Type           Power      Damage    Failure   Level
a - Magic Dart            Conj           100%       1d8       0%          1
b - Searing Ray           Conj           100%       2d8       0%          2
c - Dazzling Flash        Conj/Hex       100%       N/A       1%          3
d - Fulminant Prism       Conj/Hex       54%        3d23      1%          4
e - Shock                 Conj/Air       100%       1d9       0%          1
f - Wereblood             Tmut           100%       N/A       1%          2
g - Frozen Ramparts       Ice            100%       1d16      0%          3
h - Teleport Other        Tloc           100%       N/A       1%          3
i - Freezing Cloud        Conj/Ice/Air   68%        6-21      1%          5
j - Conjure Ball Lightni  Conj/Air       55%        3x3d20    1%          6
k - Malign Gateway        Summ/Tloc      53%        N/A       7%          7
x - Iskenderun's Mystic   Conj/Tloc      100%       2d19      1%          4
z - Iskenderun's Battles  Conj           100%       2d15      1%          5
Your spell library was empty.

Dungeon Overview and Level Annotations

Branches:
Dungeon (15/15)            Temple (1/1) D:5            Lair (5/5) D:8
  Swamp (4/4) Lair:2        Snake (0/4) Lair:3        Slime (0/5) Lair:4
    Orc (2/2) D:12            Elf (0/3) Orc:2        Vaults (0/5) D:13
 Depths (0/4) D:15         Bailey (visited)         Gauntlet (visited)

Altars:
Ashenzari
Cheibriados
Dithmenos
Elyvilon
Fedhas
Gozag
Hepliaklqana
Makhleb
Nemelex Xobeh
Okawaru
Qazlal
Ru
Trog
Uskayaw
Wu Jian
Xom
Yredelemnul
Zin
The Shining One
Jiyva

Shops:
Orc:2 ?!(:[

Annotations:
D:7 2 transporters, Aspara's ghost, novice VSCj


Innate Abilities, Weirdness & Mutations

You are immune to sickness and miasma.
You are immune to poison.
Your flesh is very heat resistant. (rF++)
You are vulnerable to cold. (rC-)
You float through the air rather than walking.
You learn spells naturally, not from books.
Your magical power is your life essence.
You have superior vitality. (+4 MHP)


Message History

A spriggan rider comes into view. It is wielding a +0 spear.
The spriggan rider is engulfed in noxious fumes.
The spriggan rider appears confused.
You take 4 damage, and have 128/136 hp.
You feel a surge of power!
The magic dart hits the spriggan rider.
The spriggan rider shouts!
Your battlesphere fires!
The barrage of energy hits the spriggan druid!!
The spriggan rider is engulfed in noxious fumes.
The spriggan rider appears confused.
The swamp worm fires a harpoon shot at you.
The harpoon shot misses you.
The spriggan rider is engulfed in noxious fumes.
The spriggan rider appears confused.
The spriggan druid gestures wildly while chanting.
The forest starts to sway and rumble!
You feel a surge of power!
The magic dart hits the spriggan rider.
You feel roots moving beneath the ground.
A tree reaches out and hits you!
Your battlesphere fires!
The barrage of energy hits the swamp worm!!
The swamp worm fires a harpoon shot at you.
You block harpoon shot... and reflect it back!
The harpoon shot hits the swamp worm.
The spriggan rider is engulfed in noxious fumes.
You take 9 damage, and have 119/136 hp.
You feel a surge of power!
The magic dart hits the spriggan rider!
Trunks creak and shift.
A tree reaches out and hits you!
Your battlesphere fires!
The barrage of energy hits the spriggan rider!
The swamp worm fires a harpoon shot at you.
You block harpoon shot... and reflect it back!
The harpoon shot misses the swamp worm.
You take 12 damage, and have 107/136 hp.
Trunks creak and shift.
A root smacks you from below!
The spriggan rider hits you but does no damage.
The spriggan rider hits itself with a +0 spear!!
The swamp drake breathes poison at you.
The noxious blast engulfs the spriggan rider but does no damage.
The spriggan rider is poisoned.
The spriggan rider is engulfed in noxious fumes.
You block the spriggan rider's attack.
You take 8 damage, and have 99/136 hp.
The trees move their gnarly branches around.
A root smacks you from below.
A root lunges up near your battlesphere.
The swamp drake barely misses your battlesphere.
The spriggan rider is engulfed in noxious fumes.
You take 4 damage, and have 95/136 hp.
A root smacks you from below!
A root smacks your battlesphere from below!
The spriggan rider is engulfed in noxious fumes.
The spriggan rider appears confused.
You block the spriggan rider's attack.
You take 12 damage, and have 83/136 hp.
The spriggan rider hits the spriggan rider with a +0 spear!!
A spriggan comes into view. It is wielding a +0 short sword.
You regained 2 hp, and now have 85/136 hp.
You feel roots moving beneath the ground.
Your battlesphere is hit by a branch!!
The swamp worm fires a harpoon shot at you.
You block harpoon shot... and reflect it back!
The harpoon shot hits the swamp worm!
The spriggan rider hits your battlesphere with a +0 spear!!
You see here an alligator corpse.
Tree limbs sway around you. A tree reaches out and hits you.
The spriggan druid calls out to the beasts of the wild!
There is a stone staircase leading up here.
You take 5 damage, and have 83/136 hp.
Casting: Magic Dart (safe; 0% risk of failure)
Confirm with . or Enter, or press ? or * to list all spells.
You feel a surge of power!
You create some ball lightning! 3 ball lightnings come into view.
A tree reaches out but misses you.
A four-headed hydra comes into view. x2
You take 4 damage, and have 79/136 hp.
A tree reaches out and hits you!
The spriggan rider looks more healthy.
The blast of lightning engulfs the spriggan druid!!!
With its final breath, the spriggan druid offers up its power to the beasts of the wild!
The four-headed hydra seems to grow more fierce. x2
The swamp drake seems to grow more fierce.
You hear a splash. x2
The forest abruptly stops moving.
The blast of lightning engulfs your ball lightning.
Your ball lightning completely resists.
The blast of lightning engulfs your ball lightning.
Your ball lightning completely resists.
The blast of lightning engulfs the spriggan rider!!!
You hear a splash.
The blast of lightning engulfs you!!!
* * * LOW HITPOINT WARNING * * *
The blast of lightning engulfs the spriggan!!!
The blast of lightning engulfs the swamp drake!!
The blast of lightning engulfs your ball lightning.
Your ball lightning completely resists.
The blast of lightning engulfs the four-headed hydra!!
The blast of lightning engulfs you!!
You die...

♣~ * ♣♣♣♣♣♣
~~..♣♣♣♣♣~~.~♣♣
..~.<.~..~~~~~♣♣♣
~...k~~.○.~~~~..~♣♣
.~.~§~.~♣).~~~~~~♣
,~)~~~~~.~♣.~~~~~.♣
*~~~~~~§...~~)§§~~♣
♣~~~....~.~~)§†.♣♣
.♣..i~~..Dk..~†@♣
.§~~~~~.~~~~§§~♣
~~~~~~~~~~~~~§~~♣ *
~~..♣♣.§..~§*.♣ ~~
♣♣*♣...~..... ,
♣~.§.~.D♣~~ *
♣.~~~§~.~~~~ ~ ,, *
♣~~~§~~~.~§.* ~~ ~~
~ ,,


You could see 2 four-headed hydras, a swamp drake (strong) and a friendly ball
lightning.

Vanquished Creatures
  A thorn hunter (Swamp:3)
  Kirke (Lair:5)
  An ironbound preserver (D:13)
  A stone giant (D:15)
  A dire elephant (Lair:5)
  Nessos (D:13)
  Azrael (D:14)
  A minotaur (Gauntlet)
  3 eleionomae
  3 bunyips
  Snorg (D:13)
  Erolcha (Orc:2)
  A shambling mangrove (Swamp:3)
  The ghost of ciphuk the Brawler, a journeyman TrMo of Ru (D:11)
  Fannar (Lair:2)
  11 hydras
  A spriggan air mage (Swamp:3)
  A catoblepas (Lair:5)
  4 centaur warriors
  8 alligators
  2 boulder beetles
  A deep troll shaman (Lair:5)
  2 tengu warriors (D:13)
  20 death yaks
  3 two-headed ogres
  7 hell knights (D:15)
  A wretched star (Gauntlet)
  Nergalle (Orc:2)
  3 skysharks
  4 skeletal warriors (D:14)
  3 spriggan druids
  2 goliath frogs
  2 wizards (D:14)
  4 swamp dragons
  An orange crystal statue (Gauntlet)
  A necromancer (D:15)
  Pikel (D:8)
  3 orc knights
  4 deep elf pyromancers
  11 orc sorcerers
  6 ugly things
  7 manticores
  A will-o-the-wisp (Swamp:1)
  4 cyclopes
  22 elephants
  A nameless horror (Swamp:2)
  6 black mambas
  2 gargoyles
  16 cane toads
  A torpor snail (Lair:3)
  An unseen horror (D:12)
  4 rime drakes
  7 komodo dragons
  3 kobold demonologists (D:10)
  An efreet (D:13)
  A yaktaur (shapeshifter) (D:14)
  2 bloated husks
  11 trolls
  Grinder (D:5)
  5 polar bears
  9 hornets
  3 tyrant leeches
  8 blink frogs (Lair:5)
  12 dream sheep
  10 slime creatures
  2 centaur simulacra (D:12)
  A vampire (D:10)
  A water elemental (D:12)
  14 spriggans
  6 wyverns
  2 wraiths
  64 yaks
  2 hogs
  4 fire elementals (D:14)
  Grum (D:8)
  A basilisk (Lair:2)
  7 vampire mosquitoes
  A steam dragon (D:7)
  3 nagas (Lair:3)
  14 water moccasins
  Edmund (D:5)
  4 wargs
  15 swamp worms
  10 hell hounds
  An acid dragon (D:11)
  Pargi (D:3)
  A sky beast (D:7)
  2 black bears
  An ice beast (D:6)
  A swamp drake (Swamp:2)
  20 orc warriors
  13 ogres
  5 boggarts (D:15)
  6 centaurs
  A lemure (D:8)
  2 small abominations (Gauntlet)
  23 wolves
  Blork the orc (D:5)
  3 kobold brigands
  6 bullfrogs
  9 gnoll sergeants (Bailey)
  5 scorpions (D:5)
  A cane toad simulacrum (D:12)
  A two-headed ogre simulacrum (D:12)
  6 wights
  An elephant simulacrum (D:12)
  6 killer bees (D:9)
  7 howler monkeys
  6 hounds
  9 gnoll boudas
  13 orc priests
  5 iguanas
  29 orc wizards
  A spriggan simulacrum (D:12)
  A troll simulacrum (D:12)
  6 hell rats (Lair:5)
  2 polar bear simulacra (D:12)
  Robin (D:3)
  17 gnolls
  7 adders
  A naga simulacrum (D:12)
  A shadow imp (D:7)
  6 white imps
  3 ufetubi
  2 worms (D:2)
  2 dart slugs
  75 orcs
  7 endoplasms
  4 giant cockroaches
  21 goblins
  12 hobgoblins
  3 jackals (D:1)
  3 quokkas
  4 ball pythons
  5 bats
  6 frilled lizards
  24 kobolds
  2 rats
818 creatures vanquished.

Vanquished Creatures (collateral kills)
  2 hydras (Swamp:1)
  2 alligators
  3 spriggans
  2 spriggan druids
  A swamp dragon (Swamp:1)
  A will-o-the-wisp (Swamp:3)
  2 hornets
  2 tyrant leeches
  A swamp worm (Swamp:3)
  A ball lightning (Swamp:3)
17 creatures vanquished.

Vanquished Creatures (others)
  8 eldritch tentacles
  3 bloated husks
  A hornet (Swamp:4)
  2 spriggans
  A human (Lair:5)
  16 ball lightnings
  21 fulminant prisms
52 creatures vanquished.

Grand Total: 887 creatures vanquished

Notes
Turn   | Place    | Note
-------+----------+-------------------------------------------
     0 | D:1      | IndexError the Djinni Conjurer began the quest for the Orb.
     0 | D:1      | IndexError set off with the following spells memorised:
                  | Magic Dart, Searing Ray, Dazzling Flash, Fulminant Prism,
                  | Iskenderun's Mystic Blast.
     0 | D:1      | Reached XP level 1. HP: 15/15 MP: 0/0
   101 | D:1      | Reached XP level 2. HP: 19/21 MP: 0/0
   541 | D:1      | Reached XP level 3. HP: 24/25 MP: 0/0
   541 | D:1      | Learned a level 1 spell: Shock
   573 | D:1      | Reached skill level 4 in Spellcasting
   573 | D:1      | Reached skill level 4 in Conjurations
   573 | D:1      | Reached skill level 4 in Hexes
   573 | D:1      | Reached skill level 4 in Summonings
   573 | D:1      | Reached skill level 4 in Necromancy
   573 | D:1      | Reached skill level 4 in Translocations
   573 | D:1      | Reached skill level 4 in Transmutations
   573 | D:1      | Reached skill level 4 in Fire Magic
   573 | D:1      | Reached skill level 4 in Ice Magic
   573 | D:1      | Reached skill level 4 in Air Magic
   573 | D:1      | Reached skill level 4 in Earth Magic
   573 | D:1      | Reached skill level 4 in Poison Magic
  1072 | D:2      | Reached XP level 4. HP: 25/31 MP: 0/0
  1719 | D:3      | Noticed Robin
  1733 | D:3      | Killed Robin
  1734 | D:3      | Reached XP level 5. HP: 30/35 MP: 0/0
  1734 | D:3      | Learned a level 2 spell: Wereblood
  1800 | D:3      | Noticed Pargi
  1836 | D:3      | Killed Pargi
  1837 | D:3      | Reached skill level 5 in Spellcasting
  1837 | D:3      | Reached skill level 5 in Conjurations
  1837 | D:3      | Reached skill level 5 in Hexes
  1837 | D:3      | Reached skill level 5 in Summonings
  1837 | D:3      | Reached skill level 5 in Necromancy
  1837 | D:3      | Reached skill level 5 in Translocations
  1837 | D:3      | Reached skill level 5 in Transmutations
  1837 | D:3      | Reached skill level 5 in Fire Magic
  1837 | D:3      | Reached skill level 5 in Ice Magic
  1837 | D:3      | Reached skill level 5 in Air Magic
  1837 | D:3      | Reached skill level 5 in Earth Magic
  1837 | D:3      | Reached skill level 5 in Poison Magic
  1837 | D:3      | Reached XP level 6. HP: 26/40 MP: 0/0
  2060 | D:3      | Noticed an ogre
  2064 | D:3      | Killed an ogre
  2065 | D:3      | Reached skill level 6 in Spellcasting
  2065 | D:3      | Reached skill level 6 in Conjurations
  2065 | D:3      | Reached skill level 6 in Hexes
  2065 | D:3      | Reached skill level 6 in Summonings
  2065 | D:3      | Reached skill level 6 in Necromancy
  2065 | D:3      | Reached skill level 6 in Translocations
  2065 | D:3      | Reached skill level 6 in Transmutations
  2065 | D:3      | Reached skill level 6 in Fire Magic
  2065 | D:3      | Reached skill level 6 in Ice Magic
  2065 | D:3      | Reached skill level 6 in Air Magic
  2065 | D:3      | Reached skill level 6 in Earth Magic
  2065 | D:3      | Reached skill level 6 in Poison Magic
  2215 | D:3      | Reached XP level 7. HP: 45/45 MP: 0/0
  2215 | D:3      | Learned a level 3 spell: Frozen Ramparts
  2292 | D:4      | Identified the staff "Axipnaeg" {Drain rPois rF+ Str+4
                  | Int+4 Fire}
  2474 | D:4      | Found a sparkling altar of Nemelex Xobeh.
  2476 | D:4      | Found a hide-covered altar of Uskayaw.
  2863 | D:4      | You are sucked into a shaft and drop 1 floor!
  2863 | D:5      | Entered Level 5 of the Dungeon
  3124 | D:5      | Reached skill level 7 in Spellcasting
  3124 | D:5      | Reached skill level 7 in Conjurations
  3124 | D:5      | Reached skill level 7 in Hexes
  3124 | D:5      | Reached skill level 7 in Summonings
  3124 | D:5      | Reached skill level 7 in Necromancy
  3124 | D:5      | Reached skill level 7 in Translocations
  3124 | D:5      | Reached skill level 7 in Transmutations
  3124 | D:5      | Reached skill level 7 in Fire Magic
  3124 | D:5      | Reached skill level 7 in Ice Magic
  3124 | D:5      | Reached skill level 7 in Air Magic
  3124 | D:5      | Reached skill level 7 in Earth Magic
  3124 | D:5      | Reached skill level 7 in Poison Magic
  3124 | D:5      | Reached XP level 8. HP: 42/50 MP: 0/0
  3139 | D:5      | Noticed Grinder
  3142 | D:5      | Paralysed by Grinder for 4 turns
  3150 | D:5      | Killed Grinder
  3178 | D:5      | Found a staircase to the Ecumenical Temple.
  3214 | D:5      | Noticed Edmund
  3218 | D:5      | Reached skill level 8 in Spellcasting
  3218 | D:5      | Reached skill level 8 in Conjurations
  3218 | D:5      | Reached skill level 8 in Hexes
  3218 | D:5      | Reached skill level 8 in Summonings
  3218 | D:5      | Reached skill level 8 in Necromancy
  3218 | D:5      | Reached skill level 8 in Translocations
  3218 | D:5      | Reached skill level 8 in Transmutations
  3218 | D:5      | Reached skill level 8 in Fire Magic
  3218 | D:5      | Reached skill level 8 in Ice Magic
  3218 | D:5      | Reached skill level 8 in Air Magic
  3218 | D:5      | Reached skill level 8 in Earth Magic
  3218 | D:5      | Reached skill level 8 in Poison Magic
  3220 | D:5      | Killed Edmund
  3221 | D:5      | Reached skill level 1 in Fighting
  3224 | D:5      | Reached skill level 2 in Fighting
  3230 | D:5      | Noticed a troll
  3240 | D:5      | Killed a troll
  3241 | D:5      | Reached skill level 3 in Fighting
  3241 | D:5      | Reached XP level 9. HP: 59/61 MP: 0/0
  3241 | D:5      | Learned a level 3 spell: Teleport Other
  3244 | D:5      | Noticed Blork the orc
  3247 | D:5      | Killed Blork the orc
  3257 | Temple   | Entered the Ecumenical Temple
  3370 | Temple   | Became a worshipper of Ashenzari the Shackled
  3459 | D:5      | Found a white marble altar of Elyvilon.
  3537 | D:5      | Reached skill level 4 in Fighting
  3708 | D:5      | Found a blossoming altar of Fedhas.
  4164 | D:6      | Reached skill level 5 in Fighting
  4215 | D:6      | Reached skill level 9 in Spellcasting
  4215 | D:6      | Reached skill level 9 in Conjurations
  4215 | D:6      | Reached skill level 9 in Hexes
  4215 | D:6      | Reached skill level 9 in Summonings
  4215 | D:6      | Reached skill level 9 in Necromancy
  4215 | D:6      | Reached skill level 9 in Translocations
  4215 | D:6      | Reached skill level 9 in Transmutations
  4215 | D:6      | Reached skill level 9 in Fire Magic
  4215 | D:6      | Reached skill level 9 in Ice Magic
  4215 | D:6      | Reached skill level 9 in Air Magic
  4215 | D:6      | Reached skill level 9 in Earth Magic
  4215 | D:6      | Reached skill level 9 in Poison Magic
  4877 | D:7      | Reached skill level 6 in Fighting
  4877 | D:7      | Reached XP level 10. HP: 47/72 MP: 0/0
  5058 | D:7      | Found a transporter.
  5142 | D:7      | Noticed a tengu warrior
  5142 | D:7      | Noticed Aspara's ghost (novice VSCj)
  5145 | D:7      | Found a transporter.
  5771 | D:7      | Reached skill level 7 in Fighting
  5891 | D:8      | Noticed Pikel
  6122 | D:8      | Killed Pikel
  6183 | D:8      | Found a basalt altar of Yredelemnul.
  6183 | D:8      | Found an iron altar of Okawaru.
  6186 | D:8      | Found a sacrificial altar of Ru.
  6187 | D:8      | Found a shimmering altar of Xom.
  6343 | D:8      | Noticed Grum
  6352 | D:8      | Reached skill level 10 in Spellcasting
  6352 | D:8      | Reached skill level 10 in Conjurations
  6352 | D:8      | Reached skill level 10 in Hexes
  6352 | D:8      | Reached skill level 10 in Summonings
  6352 | D:8      | Reached skill level 10 in Necromancy
  6352 | D:8      | Reached skill level 10 in Translocations
  6352 | D:8      | Reached skill level 10 in Transmutations
  6352 | D:8      | Reached skill level 10 in Fire Magic
  6352 | D:8      | Reached skill level 10 in Ice Magic
  6352 | D:8      | Reached skill level 10 in Air Magic
  6352 | D:8      | Reached skill level 10 in Earth Magic
  6352 | D:8      | Reached skill level 10 in Poison Magic
  6353 | D:8      | Reached skill level 8 in Fighting
  6355 | D:8      | Killed Grum
  6477 | D:8      | Reached skill level 9 in Fighting
  6673 | D:8      | Found a staircase to the Lair.
  6679 | D:8      | Reached XP level 11. HP: 50/84 MP: 0/0
  6679 | D:8      | Learned a level 5 spell: Freezing Cloud
  6963 | D:9      | Reached skill level 10 in Fighting
  6967 | D:9      | Reached skill level 1 in Armour
  6967 | D:9      | Reached skill level 1 in Evocations
  7004 | D:9      | Found a flagged portal.
  7032 | D:9      | Reached skill level 2 in Armour
  7032 | D:9      | Reached skill level 2 in Evocations
  7049 | Bailey   | Entered a bailey
  7150 | Bailey   | Reached skill level 3 in Armour
  7150 | Bailey   | Reached skill level 3 in Evocations
  7383 | Bailey   | Identified the +7 quarterstaff "Non Woixt" {speed, Dex+5}
  7411 | Bailey   | Reached skill level 4 in Armour
  7411 | Bailey   | Reached skill level 4 in Evocations
  7447 | Bailey   | Identified the +3 hand axe of the Slime-mould {antimagic,
                  | Str+4}
  7783 | D:9      | Reached * piety under Ashenzari
  8091 | D:9      | Identified 2 scrolls of acquirement
  8119 | D:9      | Acquired 706 gold pieces
  8144 | D:10     | Entered Level 10 of the Dungeon
  8219 | D:10     | Reached skill level 5 in Armour
  8219 | D:10     | Reached skill level 5 in Evocations
  8343 | D:10     | Reached skill level 6 in Armour
  8343 | D:10     | Reached skill level 6 in Evocations
  8550 | D:10     | Reached XP level 12. HP: 53/93 MP: 0/0
  9192 | D:11     | Noticed a two-headed ogre
  9200 | D:11     | Killed a two-headed ogre
  9233 | D:11     | Reached skill level 7 in Armour
  9233 | D:11     | Reached skill level 7 in Evocations
  9434 | D:11     | Noticed a centaur warrior
  9441 | D:11     | Killed a centaur warrior
  9676 | D:10     | Found a snail-covered altar of Cheibriados.
  9845 | D:11     | Noticed a two-headed ogre
  9856 | D:11     | Killed a two-headed ogre
  9857 | D:11     | Reached skill level 8 in Armour
  9857 | D:11     | Reached skill level 8 in Evocations
  9937 | D:11     | Found a runed translucent door.
  9938 | D:11     | Noticed ciphuk's ghost (journeyman TrMo)
 10225 | D:11     | Identified the +4 short sword "Wuloibir" {antimagic, rPois
                  | SInv}
 10642 | Lair:1   | Entered Level 1 of the Lair of Beasts
 11048 | Lair:1   | Found the +3 salamander hide armour {Flames, rFlCloud rF++
                  | rC--}
 11105 | Lair:1   | Reached skill level 9 in Armour
 11105 | Lair:1   | Reached skill level 9 in Evocations
 11545 | Lair:1   | Reached XP level 13. HP: 49/97 MP: 0/0
 11545 | Lair:1   | Learned a level 5 spell: Iskenderun's Battlesphere
 11547 | Lair:1   | Reached skill level 10 in Armour
 11553 | Lair:1   | Reached skill level 1 in Staves
 11698 | Lair:2   | Identified the Handbook of Xenomorphic Anthracomancy
 11729 | Lair:2   | Noticed a four-headed hydra
 11738 | Lair:2   | Killed a four-headed hydra
 11739 | Lair:2   | Reached skill level 2 in Staves
 11830 | Lair:2   | Found a staircase to the Swamp.
 11899 | Lair:2   | Reached skill level 3 in Staves
 11971 | Lair:2   | Noticed Fannar
 11976 | Lair:2   | Upgraded the game from 0.31-a0-177-g4aa6249778 to
                  | 0.31-a0-188-g5e087ee2ca
 12030 | Lair:2   | HP: 12/99 [Fannar/bolt of cold (42)]
 12110 | Lair:2   | Killed Fannar
 12374 | Lair:2   | Reached skill level 4 in Staves
 12798 | Lair:2   | You are sucked into a shaft and drop 1 floor!
 13240 | Lair:3   | Reached skill level 5 in Staves
 13448 | Lair:3   | Found a staircase to the Snake Pit.
 13478 | Lair:3   | Identified a lightning rod (4/4)
 13657 | Lair:3   | Noticed a six-headed hydra
 13663 | Lair:3   | Killed a six-headed hydra
 14110 | Lair:4   | Reached skill level 11 in Fighting
 14110 | Lair:4   | Reached skill level 6 in Staves
 14307 | Lair:4   | Reached XP level 14. HP: 94/106 MP: 0/0
 14401 | Lair:4   | Reached skill level 7 in Staves
 14512 | Lair:4   | Found a viscous altar of Jiyva.
 14512 | Lair:4   | Found a staircase to the Slime Pits.
 14871 | Lair:5   | Entered Level 5 of the Lair of Beasts
 14908 | Lair:5   | Noticed Kirke
 14990 | Lair:5   | Reached skill level 8 in Staves
 14999 | Lair:5   | Reached skill level 11 in Spellcasting
 14999 | Lair:5   | Reached skill level 11 in Conjurations
 14999 | Lair:5   | Reached skill level 11 in Hexes
 14999 | Lair:5   | Reached skill level 11 in Summonings
 14999 | Lair:5   | Reached skill level 11 in Necromancy
 14999 | Lair:5   | Reached skill level 11 in Translocations
 14999 | Lair:5   | Reached skill level 11 in Transmutations
 14999 | Lair:5   | Reached skill level 11 in Fire Magic
 14999 | Lair:5   | Reached skill level 11 in Ice Magic
 14999 | Lair:5   | Reached skill level 11 in Air Magic
 14999 | Lair:5   | Reached skill level 11 in Earth Magic
 14999 | Lair:5   | Reached skill level 11 in Poison Magic
 15341 | Lair:5   | Reached skill level 12 in Fighting
 15341 | Lair:5   | Reached skill level 9 in Staves
 15559 | Lair:4   | Upgraded the game from 0.31-a0-188-g5e087ee2ca to
                  | 0.31-a0-207-g184df878d8
 15625 | Lair:5   | Killed Kirke
 15634 | Lair:5   | Reached XP level 15. HP: 60/114 MP: 0/0
 15634 | Lair:5   | Learned a level 6 spell: Conjure Ball Lightning
 15794 | Lair:5   | Reached skill level 10 in Staves
 15859 | Lair:5   | Reached skill level 13 in Fighting
 16328 | Lair:5   | Reached skill level 12 in Spellcasting
 16328 | Lair:5   | Reached skill level 12 in Conjurations
 16328 | Lair:5   | Reached skill level 12 in Hexes
 16328 | Lair:5   | Reached skill level 12 in Summonings
 16328 | Lair:5   | Reached skill level 12 in Necromancy
 16328 | Lair:5   | Reached skill level 12 in Translocations
 16328 | Lair:5   | Reached skill level 12 in Transmutations
 16328 | Lair:5   | Reached skill level 12 in Fire Magic
 16328 | Lair:5   | Reached skill level 12 in Ice Magic
 16328 | Lair:5   | Reached skill level 12 in Air Magic
 16328 | Lair:5   | Reached skill level 12 in Earth Magic
 16328 | Lair:5   | Reached skill level 12 in Poison Magic
 16364 | Lair:5   | Found the ring of the Mage {Wiz Archmagi}
 16434 | Lair:5   | Reached ** piety under Ashenzari
 16761 | Lair:5   | Upgraded the game from 0.31-a0-207-g184df878d8 to
                  | 0.31-a0-210-gccc998df9b
 17132 | D:11     | Killed ciphuk's ghost
 17333 | D:12     | Found a staircase to the Orcish Mines.
 17470 | D:12     | Identified the +1 kite shield "Omout" {Int+4}
 17736 | D:12     | Reached *** piety under Ashenzari
 18264 | Orc:1    | Entered Level 1 of the Orcish Mines
 18339 | Orc:2    | Entered Level 2 of the Orcish Mines
 18339 | Orc:2    | Found Emaashra's Antique Armour Boutique.
 18641 | Orc:2    | Paralysed by an orc sorcerer for 5 turns
 18647 | Orc:2    | Paralysed by an orc sorcerer for 2 turns
 18854 | Orc:2    | Reached XP level 16. HP: 120/126 MP: 0/0
 18860 | Orc:2    | Noticed Nergalle
 19250 | Orc:2    | Found a staircase to the Elven Halls.
 19291 | Orc:1    | Reached skill level 11 in Staves
 20037 | Orc:2    | Found Diorheac's Magic Scroll Shoppe.
 20083 | Orc:2    | Found Firph's Book Emporium.
 20114 | Orc:2    | Noticed Erolcha
 20127 | Orc:2    | Killed Erolcha
 20129 | Orc:2    | Reached **** piety under Ashenzari
 20274 | Orc:2    | Killed Nergalle
 20320 | Orc:2    | Found Soaclost's Antique Weapon Shoppe.
 20329 | Orc:2    | Found Dearghewk's Distillery.
 20339 | Orc:2    | Bought a potion of resistance for 160 gold pieces
 20339 | Orc:2    | Bought a potion of brilliance for 64 gold pieces
 20884 | D:13     | Noticed Snorg
 20891 | D:13     | Killed Snorg
 20892 | D:13     | Noticed Nessos
 20897 | D:13     | Killed Nessos
 20914 | D:13     | Reached skill level 12 in Staves
 20931 | D:13     | Reached skill level 1 in Shields
 21037 | D:13     | Reached skill level 3 in Dodging
 21083 | D:13     | Reached skill level 2 in Shields
 21264 | D:13     | Found a gate to the Vaults.
 21680 | D:14     | Reached skill level 4 in Dodging
 21700 | D:14     | Reached skill level 3 in Shields
 21730 | D:14     | Found a gate leading to a gauntlet.
 21748 | Gauntlet | Entered a Gauntlet
 21748 | Gauntlet | Found a transporter.
 21748 | Gauntlet | Found a transporter.
 21767 | Gauntlet | Found a transporter.
 21768 | Gauntlet | Found a transporter.
 21782 | Gauntlet | Found a transporter.
 21782 | Gauntlet | Found a transporter.
 21792 | Gauntlet | Found a transporter.
 21814 | Gauntlet | Identified the staff "Anattur" {Fragile rElec rPois Str+3
                  | Int+3 Air}
 21815 | Gauntlet | Found a transporter.
 21836 | Gauntlet | Found a transporter.
 21840 | Gauntlet | Found a transporter.
 21850 | Gauntlet | Found a transporter.
 21854 | Gauntlet | Found a transporter.
 21854 | Gauntlet | Identified the staff "Hatz" {rC+ Stlth+ Ice}
 22170 | Gauntlet | Identified the +3 leather armour of Hedging {Drain rN++
                  | Slay+2 SInv}
 22170 | Gauntlet | Identified the ring of Hatie {rN++ Will+ Str+3 Slay+3}
 22181 | Gauntlet | Reached skill level 5 in Dodging
 22378 | D:14     | Reached skill level 4 in Shields
 22430 | D:14     | Noticed Azrael
 22444 | D:14     | Killed Azrael
 23000 | D:14     | Reached skill level 6 in Dodging
 23000 | D:14     | Reached skill level 5 in Shields
 23498 | D:15     | Entered Level 15 of the Dungeon
 24346 | D:15     | Reached skill level 7 in Dodging
 24386 | D:15     | Reached ***** piety under Ashenzari
 24413 | D:15     | Reached skill level 6 in Shields
 24744 | D:15     | Reached XP level 17. HP: 138/138 MP: 0/0
 24744 | D:15     | Learned a level 7 spell: Malign Gateway
 24918 | D:15     | Reached skill level 8 in Dodging
 25161 | D:15     | Found a shimmering altar of Xom.
 25175 | D:15     | Found a snail-covered altar of Cheibriados.
 25175 | D:15     | Found a shimmering altar of Xom.
 25177 | D:15     | Found a hide-covered altar of Uskayaw.
 25177 | D:15     | Found a burning altar of Makhleb.
 25178 | D:15     | Upgraded the game from 0.31-a0-210-gccc998df9b to
                  | 0.31-a0-214-gb37851dbb3
 25251 | D:15     | Reached skill level 7 in Shields
 25289 | D:15     | Found a staircase to the Depths.
 25682 | Swamp:1  | Entered Level 1 of the Swamp
 25846 | Lair:2   | Upgraded the game from 0.31-a0-214-gb37851dbb3 to
                  | 0.31-a0-216-g22e908daa7
 26177 | Swamp:1  | Reached skill level 9 in Dodging
 26184 | Swamp:1  | Reached skill level 8 in Shields
 26732 | Swamp:2  | Reached skill level 10 in Dodging
 26738 | Swamp:2  | Reached skill level 9 in Shields
 27224 | Swamp:2  | Reached skill level 2 in Stealth
 27413 | Swamp:2  | Upgraded the game from 0.31-a0-216-g22e908daa7 to
                  | 0.31-a0-221-gbddc013574
 27527 | Swamp:2  | Reached skill level 3 in Stealth
 27912 | Swamp:3  | Identified the +3 broad axe "Wioho" {heavy, *Noise rPois
                  | Str+3}
 27928 | Swamp:3  | Noticed a thorn hunter
 27975 | Swamp:3  | HP: 28/136 [eleionoma/spray of wooden splinters (33)]
 27990 | Swamp:3  | HP: 9/136 [thorn hunter/volley of thorns (35)]
 28353 | Swamp:3  | Killed a thorn hunter
 28354 | Swamp:3  | Reached skill level 4 in Stealth
 28434 | Swamp:4  | Entered Level 4 of the Swamp
 28528 | Swamp:4  | Reached skill level 13 in Spellcasting
 28528 | Swamp:4  | Reached skill level 13 in Conjurations
 28528 | Swamp:4  | Reached skill level 13 in Hexes
 28528 | Swamp:4  | Reached skill level 13 in Summonings
 28528 | Swamp:4  | Reached skill level 13 in Necromancy
 28528 | Swamp:4  | Reached skill level 13 in Translocations
 28528 | Swamp:4  | Reached skill level 13 in Transmutations
 28528 | Swamp:4  | Reached skill level 13 in Fire Magic
 28528 | Swamp:4  | Reached skill level 13 in Ice Magic
 28528 | Swamp:4  | Reached skill level 13 in Air Magic
 28528 | Swamp:4  | Reached skill level 13 in Earth Magic
 28528 | Swamp:4  | Reached skill level 13 in Poison Magic
 28543 | Swamp:4  | HP: 21/136 [spore (44)]
 28543 | Swamp:4  | Killed by an exploding ball lightning

Illustrated notes

Levels and vault maps discovered:
D:1:      minmay_arrival_doors, layout_basic
D:2:      layout_loops_ring
D:3:      layout_basic, minmay_ogre_servants, uniq_pargi, uniq_robin
D:4:      layout_loops_ring, gammafunk_temple_overflow_forgotten,
          serial_park_tiny_pond
D:5:      layout_basic, kennysheep_mini, fedhas_altar_2,
          minmay_temple_entry_grid, uniq_edmund, uniq_grinder,
          uniq_blork_the_orc
D:6:      layout_basic
D:7:      layout_basic, gammafunk_ghost_arena
D:8:      layout_loops_ring, minitemple, erik_lair_orcish_takeover,
          nicolae_two_hexagons, minmay_gold_behind_fungi,
          kennysheep_generic_room_4, uniq_pikel, uniq_grum
D:9:      layout_roguey, enter_bailey_2
D:10:     layout_loops_ring, nicolae_overflow_hidden_temple
D:11:     layout_basic, gammafunk_ghost_grave
D:12:     layout_loops_ring, orc_0_dummy, serial_ice, serial_ice_g,
          serial_ice_e, serial_ice_o, serial_ice_d, serial_ice_k, serial_ice_h,
          serial_ice_m, serial_ice_c, portal_ice_cave_entry_ice_simulacra
D:13:     layout_basic, skrybe_vaults_entry_preservation, uniq_nessos,
          uniq_snorg
D:14:     layout_irregular_city, nicolae_vehumet_radiance,
          gauntlet_entry_generic, uniq_azrael
D:15:     grunt_enter_depths_giant_problem, layout_gridville,
          doesnt_xom_only_xom, minmay_rotating_lava
Temple:   jpeg_temple_clearing
Lair:1:   layout_cave_pods
Lair:2:   layout_layer_cave, minmay_swamp_entry_swarm, minivault_25, uniq_fannar
Lair:3:   layout_chaotic_city, guppyfry_snake_entry_garden
Lair:4:   layout_hall_layers, slime_entry_1, beast_lair_carwin_1
Lair:5:   grunt_lair_end_beastmaster, layout_regular_city, basic_altar,
          nicolae_lair_grazing_beasts [nicolae_sub_lair_graze_edge,
          nicolae_sub_lair_graze_edge, nicolae_sub_lair_graze_edge,
          nicolae_sub_lair_graze_edge], uniq_kirke
Swamp:1:  layout_basic_swamp, nicolae_swamp_very_dense_foliage
Swamp:2:  layout_basic_swamp, nicolae_swamp_orc_logging_accident,
          infiniplex_staircase_pool
Swamp:3:  layout_basic_swamp, serial_swamp_ruin, evilmike_swamp_ruin_house_6,
          evilmike_swamp_ruin_rubble_1, swamp_pool1, infiniplex_staircase_pool_2
Swamp:4:  swamp_old_school, layout_basic_swamp
Orc:1:    layout_diamond_mine
Orc:2:    kennysheep_orc_mage_school, layout_caves, serial_shops,
          nicolae_shop_hallway_stairs, mines1_david

Skill      XL: |  1  2  3  4  5  6  7  8  9 10 11 12 13 14 15 16 17 |
---------------+----------------------------------------------------+-----
Spellcasting   | 4 5 6 7 8 9 10 11 12 13 | 13.0
Conjurations   | 4 5 6 7 8 9 10 11 12 13 | 13.0
Hexes          | 4 5 6 7 8 9 10 11 12 13 | 13.0
Summonings     | 4 5 6 7 8 9 10 11 12 13 | 13.0
Necromancy     | 4 5 6 7 8 9 10 11 12 13 | 13.0
Translocations | 4 5 6 7 8 9 10 11 12 13 | 13.0
Transmutations | 4 5 6 7 8 9 10 11 12 13 | 13.0
Fire Magic     | 4 5 6 7 8 9 10 11 12 13 | 13.0
Ice Magic      | 4 5 6 7 8 9 10 11 12 13 | 13.0
Air Magic      | 4 5 6 7 8 9 10 11 12 13 | 13.0
Earth Magic    | 4 5 6 7 8 9 10 11 12 13 | 13.0
Poison Magic   | 4 5 6 7 8 9 10 11 12 13 | 13.0
Fighting       | 3 6 9 10 11 12 13 | 13.7
Armour         | 6 9 10 | 10.0
Evocations     | 6 9 |  9.2
Staves         | 6 9 10 12 | 12.0
Shields        | 6 9 |  9.2
Dodging        | 7 10 | 10.1
Stealth        | 4 |  4.3

Action                     |  1- 3 |  4- 6 |  7- 9 | 10-12 | 13-15 | 16-18 || total
---------------------------+-------+-------+-------+-------+-------+-------++-------
  Melee: Staff             |       |       |       |     2 |    39 |    30 ||    71
         Punch             |       |       |       |       |     1 |       ||     1
   Cast: Magic Dart        |    74 |    99 |   119 |   386 |   442 |   451 ||  1571
         Searing Ray       |       |     6 |    37 |    73 |    16 |     6 ||   138
         Fulminant Prism   |       |     2 |     5 |    11 |     3 |       ||    21
         Iskenderun's Myst |       |       |     9 |    65 |   145 |   109 ||   328
         Freezing Cloud    |       |       |       |     7 |    32 |    24 ||    63
         Iskenderun's Batt |       |       |       |       |    55 |    91 ||   146
         Frozen Ramparts   |       |       |       |       |     1 |       ||     1
         Conjure Ball Ligh |       |       |       |       |     2 |     8 ||    10
         Malign Gateway    |       |       |       |       |       |     8 ||     8
 Invoke: Curse Item        |       |       |       |     2 |     2 |     3 ||     7
         Shatter the Chain |       |       |       |       |       |     1 ||     1
  Evoke: Wand              |       |       |       |       |       |     1 ||     1
    Use: Scroll            |       |       |       |     1 |     2 |     1 ||     4
         Potion            |       |       |       |       |       |     1 ||     1
 Armour: Robe              |     4 |     7 |       |       |       |       ||    11
         Troll leather arm |       |     7 |    27 |    82 |   102 |    49 ||   267
  Dodge: Dodged            |     8 |     9 |    33 |   129 |   118 |   116 ||   413
  Block: Other             |       |       |     8 |    48 |    55 |    25 ||   136
         Reflection        |       |       |     3 |     7 |     2 |    22 ||    34
         Kite shield       |       |       |       |       |       |   132 ||   132

Table legend: (Time is in decaauts)
 A = Elapsed time spent in this place.
 B = Non-inter-level travel time spent in this place.
 C = Inter-level travel time spent in this place.
 D = Time resting spent in this place.
 E = Time spent auto-exploring this place.
 F = Levels seen in this place.
 G = Mean time per level.
                   A        B        C        D        E       F      G
               +--------+--------+--------+--------+--------+-----+--------+
         Total |  28565 |  25481 |   3084 |     22 |  19199 |  29 |  985.0 |
       Dungeon |  15910 |  13715 |   2195 |      0 |  11019 |  15 | 1060.7 |
        Temple |    117 |     80 |     37 |      0 |     64 |   1 |  117.0 |
          Lair |   6410 |   5936 |    474 |      0 |   4696 |   5 | 1282.0 |
         Swamp |   2789 |   2525 |    264 |     14 |   1827 |   4 |  697.2 |
  Orcish Mines |   2299 |   2186 |    113 |      5 |   1058 |   2 | 1149.5 |
        Bailey |    471 |    471 |      0 |      3 |    211 |   1 |  471.0 |
      Gauntlet |    566 |    566 |      0 |      0 |    323 |   1 |  566.0 |
               +--------+--------+--------+--------+--------+-----+--------+

Top non-repeatable levels by time:
    D:14: 1873 daAuts
   Orc:2: 1654 daAuts
    D:11: 1652 daAuts
  Lair:5: 1572 daAuts
  Lair:2: 1504 daAuts
    D:15: 1302 daAuts
    D:13: 1212 daAuts
  Lair:1: 1160 daAuts
 Swamp:1: 1139 daAuts
  Lair:4: 1125 daAuts
    D:10: 1108 daAuts
     D:6: 1064 daAuts
     D:8: 1062 daAuts
    D:12: 1048 daAuts
  Lair:3: 1047 daAuts

Levels and vault maps discovered:
D:1:      minmay_arrival_doors, layout_basic
D:2:      layout_loops_ring
D:3:      layout_basic, minmay_ogre_servants, uniq_pargi, uniq_robin
D:4:      layout_loops_ring, gammafunk_temple_overflow_forgotten,
          serial_park_tiny_pond
D:5:      layout_basic, kennysheep_mini, fedhas_altar_2,
          minmay_temple_entry_grid, uniq_edmund, uniq_grinder,
          uniq_blork_the_orc
D:6:      layout_basic
D:7:      layout_basic, gammafunk_ghost_arena
D:8:      layout_loops_ring, minitemple, erik_lair_orcish_takeover,
          nicolae_two_hexagons, minmay_gold_behind_fungi,
          kennysheep_generic_room_4, uniq_pikel, uniq_grum
D:9:      layout_roguey, enter_bailey_2
D:10:     layout_loops_ring, nicolae_overflow_hidden_temple
D:11:     layout_basic, gammafunk_ghost_grave
D:12:     layout_loops_ring, orc_0_dummy, serial_ice, serial_ice_g,
          serial_ice_e, serial_ice_o, serial_ice_d, serial_ice_k, serial_ice_h,
          serial_ice_m, serial_ice_c, portal_ice_cave_entry_ice_simulacra
D:13:     layout_basic, skrybe_vaults_entry_preservation, uniq_nessos,
          uniq_snorg
D:14:     layout_irregular_city, nicolae_vehumet_radiance,
          gauntlet_entry_generic, uniq_azrael
D:15:     grunt_enter_depths_giant_problem, layout_gridville,
          doesnt_xom_only_xom, minmay_rotating_lava
Temple:   jpeg_temple_clearing
Lair:1:   layout_cave_pods
Lair:2:   layout_layer_cave, minmay_swamp_entry_swarm, minivault_25, uniq_fannar
Lair:3:   layout_chaotic_city, guppyfry_snake_entry_garden
Lair:4:   layout_hall_layers, slime_entry_1, beast_lair_carwin_1
Lair:5:   grunt_lair_end_beastmaster, layout_regular_city, basic_altar,
          nicolae_lair_grazing_beasts [nicolae_sub_lair_graze_edge,
          nicolae_sub_lair_graze_edge, nicolae_sub_lair_graze_edge,
          nicolae_sub_lair_graze_edge], uniq_kirke
Swamp:1:  layout_basic_swamp, nicolae_swamp_very_dense_foliage
Swamp:2:  layout_basic_swamp, nicolae_swamp_orc_logging_accident,
          infiniplex_staircase_pool
Swamp:3:  layout_basic_swamp, serial_swamp_ruin, evilmike_swamp_ruin_house_6,
          evilmike_swamp_ruin_rubble_1, swamp_pool1, infiniplex_staircase_pool_2
Swamp:4:  swamp_old_school, layout_basic_swamp
Orc:1:    layout_diamond_mine
Orc:2:    kennysheep_orc_mage_school, layout_caves, serial_shops,
          nicolae_shop_hallway_stairs, mines1_david

Table legend: (Time is in decaauts)
 A = Elapsed time spent in this place.
 B = Non-inter-level travel time spent in this place.
 C = Inter-level travel time spent in this place.
 D = Time resting spent in this place.
 E = Time spent auto-exploring this place.
 F = Levels seen in this place.
 G = Mean time per level.
                   A        B        C        D        E       F      G
               +--------+--------+--------+--------+--------+-----+--------+
         Total |  28565 |  25481 |   3084 |     22 |  19199 |  29 |  985.0 |
       Dungeon |  15910 |  13715 |   2195 |      0 |  11019 |  15 | 1060.7 |
        Temple |    117 |     80 |     37 |      0 |     64 |   1 |  117.0 |
          Lair |   6410 |   5936 |    474 |      0 |   4696 |   5 | 1282.0 |
         Swamp |   2789 |   2525 |    264 |     14 |   1827 |   4 |  697.2 |
  Orcish Mines |   2299 |   2186 |    113 |      5 |   1058 |   2 | 1149.5 |
        Bailey |    471 |    471 |      0 |      3 |    211 |   1 |  471.0 |
      Gauntlet |    566 |    566 |      0 |      0 |    323 |   1 |  566.0 |
               +--------+--------+--------+--------+--------+-----+--------+

Top non-repeatable levels by time:
    D:14: 1873 daAuts
   Orc:2: 1654 daAuts
    D:11: 1652 daAuts
  Lair:5: 1572 daAuts
  Lair:2: 1504 daAuts
    D:15: 1302 daAuts
    D:13: 1212 daAuts
  Lair:1: 1160 daAuts
 Swamp:1: 1139 daAuts
  Lair:4: 1125 daAuts
    D:10: 1108 daAuts
     D:6: 1064 daAuts
     D:8: 1062 daAuts
    D:12: 1048 daAuts
  Lair:3: 1047 daAuts

Table legend:
 A = Kills in this place as a percentage of kills in the entire game.
 B = Kills by you in this place as a percentage of kills by you in the entire game.
 C = Kills by friends in this place as a percentage of kills by friends in the entire game.
 D = Other kills in this place as a percentage of other kills in the entire game.
 E = Experience gained in this place as a percentage of experience gained in the entire game.
 F = Experience gained in this place divided by the number of levels of this place that you have seen.
                   A       B       C       D       E      F
               +-------+-------+-------+-------+-------+----------------------
         Total | 100.0 | 100.0 | 100.0 | 100.0 | 100.0 | 7082.7
       Dungeon |  47.6 |  48.8 |   0.0 |   0.0 |  33.2 | 4550.6
          Lair |  24.6 |  25.2 |   0.0 |   0.0 |  35.8 | 14694.4
         Swamp |  11.1 |   8.9 | 100.0 | 100.0 |  21.9 | 11243.5
  Orcish Mines |  11.8 |  12.1 |   0.0 |   0.0 |   6.7 | 6900.0
        Bailey |   3.8 |   3.9 |   0.0 |   0.0 |   0.9 | 1753.0
      Gauntlet |   1.0 |   1.0 |   0.0 |   0.0 |   1.5 | 3141.0
               +-------+-------+-------+-------+-------+----------------------
